 Dungeon Sprint DCSS version 0.23.2-11-gf996548c65 (webtiles) character file.

Game seed: 236802996828963397

13844 wilfster70 the Imperceptible (level 11, -1/47 HPs)
             Began as a Spriggan Enchanter on June 6, 2019.
             Was an Initiate of Gozag.
             Slain by a fire giant
             ... wielding a +1 great sword of flaming
              (2 damage)
             ... in the Dungeon (Sprint I: "Red Sonja").
             The game lasted 00:11:08 (1841 turns).

wilfster70 the Imperceptible (Spriggan Enchanter)   Turns: 1841, Time: 00:11:08

Health: -1/47      AC:  7    Str:  8    XL:     11   Next: 80%
Magic:  19/32      EV: 19    Int: 20    God:    Gozag
Gold:   1913       SH: 12    Dex: 26    Spells: 31/42 levels left

rFire    . . .     SeeInvis +   a - +1 dagger (elec)
rCold    + . .     Gourm    .   m - +3 warlock's mirror {reflect}
rNeg     . . .     Faith    .   b - +0 robe
rPois    .         Spirit   .   p - +2 hat
rElec    .         Reflect  +   (no cloak)
rCorr    .         Harm     .   (gloves unavailable)
MR       ++...     NoTele   +   (boots unavailable)
Stlth    +++++++++.             (no amulet)
HPRegen  0.15/turn              q - +3 ring of protection
MPRegen  0.23/turn              r - ring "Xudesut" {rC+ MR+ Str+4 Int+3 Dex+6}

@: gold aura, very quick
A: very small, unfitting armour, see invisible, herbivore, speed 3, slow
metabolism 2
a: Potion Petition, Call Merchant, Bribe Branch, Renounce Religion


You were in the Dungeon.
You worshipped Gozag.
Gozag was most pleased with you.
You were not hungry.

You visited 1 branch You collected 5049 gold pieces.
You spent 2474 gold pieces at shops.
You paid 662 gold pieces to Gozag.

Inventory:

Hand Weapons
 a - a +1 dagger of electrocution (weapon)
Armour
 b - a +0 robe (worn)
 m - the +3 warlock's mirror (worn) {reflect}
   (You bought it in a shop in the Dungeon)
 p - a +2 hat (worn)
Jewellery
 q - a +3 ring of protection (left hand)
 r - the ring "Xudesut" (right hand) {rC+ MR+ Str+4 Int+3 Dex+6}
   (You bought it in a shop in the Dungeon)

   [ring of dexterity]

   It affects your strength (+4).
   It affects your intelligence (+3).
   It affects your dexterity (+6).
   It protects you from cold.
   It affects your resistance to hostile enchantments.
Wands
 c - a wand of random effects (14)
 f - a wand of iceblast (7)
 k - a wand of scattershot (3)
Scrolls
 i - 2 scrolls of magic mapping {unknown}
 j - a scroll of blinking
 n - a scroll of identify {unknown}
Potions
 e - 2 potions of brilliance {unknown}
 g - a potion of haste
 h - 2 potions of magic
 l - a potion of might {unknown}
 o - a potion of agility {unknown}
Comestibles
 d - 2 rations


   Skills:
 - Level 10.0 Short Blades
 - Level 3.0 Dodging
 * Level 26.2 Stealth
 - Level 7.2 Shields
 + Level 16.0 Spellcasting
 - Level 15.0 Hexes
 - Level 4.5 Translocations


You had 31 spell levels left.
You knew the following spells:

 Your Spells              Type           Power        Failure   Level  Hunger
a - Corona                Hex            ######.      0%          1    None
b - Ensorcelled Hibernat  Hex/Ice        #####.       1%          2    None
c - Confuse               Hex            ######..     1%          3    None
d - Dazzling Spray        Conj/Hex       #####.       1%          3    None
e - Blink                 Tloc           N/A          1%          2    None

Your spell library contained the following spells:

 Spells                   Type           Power        Failure   Level  Hunger
 Slow                     Hex            ######..     0%          2    None
 Tukima's Dance           Hex            ######..     1%          3    None
 Magic Dart               Conj           ###.         3%          1    None
 Call Imp                 Summ           ###.....     5%          2    None
 Conjure Flame            Conj/Fire      ###.....     11%         3    None
 Mephitic Cloud           Conj/Pois/Air  ###.....     11%         3    None


Dungeon Overview and Level Annotations

Branches:
Dungeon (1/1)

Altars:
Cheibriados
Dithmenos
Elyvilon
Fedhas
Gozag
Hepliaklqana
Kikubaaqudgha
Makhleb
Nemelex Xobeh
Okawaru
Qazlal
Ru
Sif Muna
Trog
Uskayaw
Vehumet
Wu Jian
Xom
Yredelemnul
Zin
The Shining One
Jiyva
Lugonu

Shops:
D ?%??=[!(*=:?(![([*


Innate Abilities, Weirdness & Mutations

You are very small and have problems with some larger weapons.
You are too small for most types of armour.
You have supernaturally acute eyesight. (SInv)
You are a herbivore.
You cover ground extremely quickly.
You need to consume almost no food.


Message History

Confirm with . or Enter, or press ? or * to list all spells.
Aiming: Confuse (safe; 1% risk of failure)
Press: ? - help, Shift-Dir - straight line, f/p - fire giant
Aim: a fire giant, wielding a +1 great sword of flaming (hasn't noticed you, chance to defeat MR: 28%)
The fire giant is no longer distracted by gold.
The fire giant shouts!
The fire giant easily resists.
Casting: Confuse (safe; 1% risk of failure)
Confirm with . or Enter, or press ? or * to list all spells.
Aiming: Confuse (safe; 1% risk of failure)
Press: ? - help, Shift-Dir - straight line, f/p - fire giant
Aim: a fire giant, wielding a +1 great sword of flaming (chance to defeat MR: 28%)
The fire giant appears confused.
You hit the fire giant.
The fire giant is lightly wounded.
The fire giant hits you with a +1 great sword of flaming!
* * * LOW HITPOINT WARNING * * *
The fire giant burns you.
You die...
Your body crumbles into a pile of gold.

##'###
#..###$#.m≈e
##.'.#
#.##..$#..≈#
(###.#
#..#+###..≈#
)∩##.# $$
##...#
####.# $$ $
$###.#
..##.#
$$$$$$$$$#.#
...§§#
$$$$$$$$$#.#
####§#$
$$$$$$####'#


$$$$$$ §§§#.### $$$###@...# $$$$$ §.#'§#[(?#####.C.#### .§####)C...$...###
≈≈##?)?....##### ≈###$[....## $$ ## #[.C..# $$$ ####$$$$$ $$$$ ∩∩####### $$$$
∩###≈≈≈≈ You could see a fire giant (confused).

Vanquished Creatures
  A fire giant (D)
  A hydra (D)
  2 centaur warriors (D)
  Sonja (D)
  A deep troll (D)
  7 unseen horrors (D)
  A lindwurm (D)
  An oklob plant (D)
  2 demonic crawlers (D)
  2 kobold demonologists (D)
  A hornet (D)
  A slime creature (D)
  Sigmund (D)
  2 redbacks (D)
  A yak (D)
  13 hogs (D)
  3 floating eyes (D)
  An ogre (D)
  7 necrophages (D)
  8 jellies (D)
  Ijyb (D)
58 creatures vanquished.

Vanquished Creatures (others)
  A gargoyle (D)
1 creature vanquished.

Grand Total: 59 creatures vanquished

Notes
Turn   | Place    | Note
-------+----------+-------------------------------------------
     0 | D        | wilfster70 the Spriggan Enchanter began the quest for the
                  | Orb.
     0 | D        | Reached XP level 1. HP: 9/9 MP: 5/5
     1 | D        | Noticed Ijyb
    19 | D        | Killed Ijyb
    19 | D        | Reached skill level 9 in Stealth
    19 | D        | Reached XP level 2. HP: 10/13 MP: 6/6
    26 | D        | Learned a level 2 spell: Ensorcelled Hibernation
   149 | D        | Noticed an ogre
   152 | D        | Killed an ogre
   152 | D        | Reached skill level 14 in Stealth
   152 | D        | Reached XP level 3. HP: 16/16 MP: 8/8
   152 | D        | Reached XP level 4. HP: 21/21 MP: 9/9
   160 | D        | Noticed Sigmund
   163 | D        | Killed Sigmund
   163 | D        | Reached skill level 15 in Stealth
   163 | D        | Reached skill level 5 in Spellcasting
   163 | D        | Reached XP level 5. HP: 24/24 MP: 9/13
   163 | D        | Reached XP level 6. HP: 28/28 MP: 9/14
   168 | D        | Learned a level 3 spell: Confuse
   172 | D        | Learned a level 3 spell: Dazzling Spray
   211 | D        | Found a deep blue altar of Sif Muna.
   212 | D        | Found an ornate altar of the Wu Jian Council.
   213 | D        | Found a radiant altar of Vehumet.
   244 | D        | Found Ecrev's Food Emporium.
   244 | D        | Found an ancient bone altar of Kikubaaqudgha.
   244 | D        | Found a hazy altar of Hepliaklqana.
   244 | D        | Found a hide-covered altar of Uskayaw.
   244 | D        | Found a basalt altar of Yredelemnul.
   244 | D        | Found an opulent altar of Gozag.
   244 | D        | Found a snail-covered altar of Cheibriados.
   244 | D        | Found a sacrificial altar of Ru.
   244 | D        | Found a shadowy altar of Dithmenos.
   244 | D        | Noticed a yak
   245 | D        | Found a stormy altar of Qazlal.
   245 | D        | Found a blossoming altar of Fedhas.
   245 | D        | Found a bloodstained altar of Trog.
   245 | D        | Found an iron altar of Okawaru.
   245 | D        | Found a glowing golden altar of the Shining One.
   245 | D        | Found a glowing silver altar of Zin.
   245 | D        | Found a white marble altar of Elyvilon.
   246 | D        | Killed a yak
   246 | D        | Reached skill level 5 in Short Blades
   247 | D        | Found a sparkling altar of Nemelex Xobeh.
   250 | D        | Became a worshipper of Gozag Ym Sagoz the Greedy
   256 | D        | Noticed Sonja
   261 | D        | Killed Sonja
   261 | D        | Reached skill level 16 in Stealth
   261 | D        | Reached XP level 7. HP: 32/32 MP: 15/20
   261 | D        | Reached XP level 8. HP: 36/36 MP: 15/21
   278 | D        | Found Tadeilou's Magic Scroll Boutique.
   298 | D        | Noticed a deep troll
   302 | D        | Killed a deep troll
   302 | D        | Reached skill level 17 in Stealth
   313 | D        | Found Keczipie's Armour Emporium.
   317 | D        | Bought the +3 warlock's mirror {reflect} for 480 gold
                  | pieces
   317 | D        | Found the +3 warlock's mirror {reflect}
   353 | D        | Found a viscous altar of Jiyva.
   353 | D        | Found a corrupted altar of Lugonu.
   353 | D        | Noticed a slime creature
   354 | D        | Found a burning altar of Makhleb.
   354 | D        | Found a shimmering altar of Xom.
   361 | D        | Killed a slime creature
   483 | D        | Noticed a kobold demonologist
   484 | D        | Noticed a kobold demonologist
   490 | D        | Paralysed by a floating eye for 3 turns
   494 | D        | Reached skill level 1 in Shields
   496 | D        | Noticed a sixfirhy
   500 | D        | Killed a kobold demonologist
   500 | D        | Reached skill level 10 in Spellcasting
   500 | D        | Reached XP level 9. HP: 39/39 MP: 11/24
   507 | D        | Killed a kobold demonologist
   507 | D        | Reached skill level 18 in Stealth
   562 | D        | Killed a gargoyle
   631 | D        | Noticed a centaur warrior
   631 | D        | Noticed a centaur warrior
   643 | D        | Killed a centaur warrior
   647 | D        | Killed a centaur warrior
   647 | D        | Reached skill level 10 in Short Blades
   647 | D        | Reached skill level 5 in Shields
   874 | D        | Reached skill level 15 in Hexes
   887 | D        | Noticed an oklob plant
   889 | D        | Killed an oklob plant
   889 | D        | Reached skill level 19 in Stealth
   889 | D        | Reached XP level 10. HP: 44/44 MP: 26/26
   932 | D        | Noticed an unseen horror
   933 | D        | Noticed an unseen horror
   939 | D        | Killed an unseen horror
   939 | D        | Reached skill level 20 in Stealth
   941 | D        | Killed an unseen horror
  1076 | D        | Reached skill level 21 in Stealth
  1186 | D        | Found Qecid's Magic Scroll Shoppe.
  1186 | D        | Found Ratox's Magic Scroll Shop.
  1186 | D        | Found Nythalij's Jewellery Boutique.
  1188 | D        | Found Belidah's Antique Armour Emporium.
  1188 | D        | Found Othrorche's Distillery.
  1188 | D        | Found Ominoac's Antique Weapon Shoppe.
  1188 | D        | Found Decsit's General Store.
  1188 | D        | Found Yppug's Book Emporium.
  1188 | D        | Found Tuhasech's Magic Scroll Shop.
  1188 | D        | Found Saozuig's Weapon Shoppe.
  1190 | D        | Found Onohaiplet's Distillery.
  1191 | D        | Found Purimaif's Antique Weapon Emporium.
  1191 | D        | Found Xabb's Armour Boutique.
  1192 | D        | Found Wuesacwy's General Store.
  1195 | D        | Bought a book of Minor Magic for 240 gold pieces
  1198 | D        | Learned a level 2 spell: Blink
  1213 | D        | Bought an embroidered hat for 182 gold pieces
  1219 | D        | Bought a +3 ring of protection for 273 gold pieces
  1229 | D        | Bought the ring "Xudesut" {rC+ MR+ Str+4 Int+3 Dex+6} for
                  | 1299 gold pieces
  1578 | D        | Noticed a lindwurm
  1580 | D        | Killed a lindwurm
  1580 | D        | Reached skill level 22 in Stealth
  1596 | D        | Reached XP level 11. HP: 47/47 MP: 29/29
  1606 | D        | Reached skill level 23 in Stealth
  1641 | D        | Noticed a 12-headed hydra
  1643 | D        | Killed a 12-headed hydra
  1663 | D        | Noticed a deep elf annihilator
  1783 | D        | Noticed a daeva
  1787 | D        | Noticed an unseen horror
  1787 | D        | Noticed an unseen horror
  1787 | D        | Noticed an unseen horror
  1787 | D        | Noticed an unseen horror
  1790 | D        | Killed an unseen horror
  1790 | D        | Reached skill level 24 in Stealth
  1791 | D        | Noticed an unseen horror
  1792 | D        | Killed an unseen horror
  1792 | D        | Reached skill level 15 in Spellcasting
  1793 | D        | Killed an unseen horror
  1797 | D        | Killed an unseen horror
  1797 | D        | Reached skill level 25 in Stealth
  1801 | D        | Killed an unseen horror
  1816 | D        | Noticed a fire giant
  1819 | D        | Noticed a fire giant
  1820 | D        | Noticed a fire giant
  1821 | D        | Noticed a fire giant
  1823 | D        | Killed a fire giant
  1823 | D        | Reached skill level 26 in Stealth
  1841 | D        | HP: 1/47 [fire giant/+1 great sword of flaming (12)]
  1841 | D        | Slain by a fire giant

Skill      XL: |  1  2  3  4  5  6  7  8  9 10 11 |
---------------+----------------------------------+-----
Stealth        | 9 14 15 16 17 19 22 26 | 26.2
Short Blades   | 4 7 8 10 | 10.0
Spellcasting   | 5 8 10 11 13 16 | 16.0
Hexes          | 7 11 13 15 | 15.0
Shields        | 2 5 7 |  7.2
Translocations | 4 |  4.5
Dodging        | |  3.0

Action                   |  1- 3 |  4- 6 |  7- 9 | 10-12 || total
-------------------------+-------+-------+-------+-------++-------
Melee: Dagger            |    16 |     4 |    10 |    71 ||   101
 Cast: Ensorcelled Hiber |       |     1 |    18 |    11 ||    30
       Confuse           |       |       |       |    10 ||    10
       Dazzling Spray    |       |       |       |     2 ||     2
Invok: Call Merchant     |       |       |       |     1 ||     1
Evoke: Wand              |       |       |       |     3 ||     3
  Use: Potion            |     1 |       |     2 |       ||     3
 Stab: Sleeping          |     2 |     4 |     8 |    38 ||    52
       Confused          |       |       |       |     1 ||     1
Armor: Robe              |     1 |       |     1 |     6 ||     8
Dodge: Dodged            |     6 |     1 |    10 |    22 ||    39
Block: Buckler           |       |       |     7 |    22 ||    29
       Reflection        |       |       |     4 |       ||     4
